 Dungeon Crawl Stone Soup version 0.19-a0-1732-g0b18a7b (webtiles) character file.

37 kae the Skirmisher (level 3, -7/30 HPs)
             Began as a Formicid Fighter on Sept 30, 2016.
             Mangled by a gnoll
             ... wielding a +4 halberd
              (12 damage)
             ... on level 2 of the Dungeon.
             The game lasted 00:01:10 (932 turns).

kae the Skirmisher (Formicid Fighter)                Turns: 932, Time: 00:01:11

Health: -7/30      AC:  6    Str: 21    XL:     3   Next: 60%
Magic:  3/3        EV:  4    Int:  7    God:
Gold:   77         SH:  0    Dex: 10    Spells: 0 memorised, 2 levels left

rFire  . . .     SeeInvis +     a - +0 long sword
rCold  . . .     Gourm    .     b - +0 scale mail
rNeg   . . .     Faith    .     c - +0 shield
rPois  .         Spirit   .     (helmet unavailable)
rElec  .         Dismiss  .     (no cloak)
rCorr  .         Reflect  .     (no gloves)
MR     .....     Harm     .     (no boots)
Stlth  ..........               (no amulet)
                                (no ring)
                                m - ring of teleportation (curse)

@: held
A: permanent stasis, dig shafts and tunnels, four strong arms, antennae 3
a: Dig, Shaft Self


You were on level 2 of the Dungeon.
You were not hungry.

You visited 1 branch of the dungeon, and saw 2 of its levels.

You collected 77 gold pieces.

Inventory:

Hand Weapons
 a - a +0 long sword (weapon)
Armour
 b - a +0 scale mail (worn)
 c - a +0 shield (worn)
Jewellery
 m - a cursed ring of teleportation (left hand)
Scrolls
 e - a scroll of remove curse
 g - a scroll of identify {unknown}
 h - 2 scrolls of amnesia {unknown}
 i - a scroll of random uselessness {unknown}
 j - a scroll of enchant armour {unknown}
 l - a scroll of enchant weapon {unknown}
 o - a scroll of immolation {unknown}
Potions
 d - a potion of might
 n - a potion of cancellation {unknown}
Comestibles
 f - a bread ration
 k - a slice of pizza


   Skills:
 + Level 3.7 Fighting
 * Level 3.3 Long Blades
 - Level 3.2 Armour
 - Level 3.6 Shields


You had 2 spell levels left.
You didn't know any spells.

Dungeon Overview and Level Annotations

Branches:
Dungeon (2/15)

Altars:


Innate Abilities, Weirdness & Mutations

You are under a permanent stasis effect.
You can dig through walls and to a lower floor.
Your four strong arms can wield two-handed weapons with a shield.
You have a pair of large antennae on your head. (SInv)


Message History

You are held in a net!
You are held in a net!
You are held in a net!
You are held in a net!
You are held in a net!
Unknown command.
You tear a large gash into the net.
The gnoll hits you. The gnoll hits you but does no damage.
You shred the net and break free! You block the gnoll's attack.
The gnoll throws a throwing net.
The throwing net hits you.
You become entangled in the net!
The gnoll hits you from afar with a spear!
You struggle against the net.
The gnoll hits you but does no damage.
The gnoll hits you from afar with a spear.
You struggle against the net.
The gnoll hits you but does no damage.
The gnoll hits you from afar with a spear.
* * * LOW HITPOINT WARNING * * *
You struggle against the net.
The gnoll barely misses you.
The gnoll hits you from afar with an enchanted halberd!
You die...

##.....
.............#####......
....$...................
.......[.....# ####.....
.............# #.....
.............# #.....
.....g......## ##.....
#......$...#####......
#..gg@.....##.........
#..........#..###....>
#............#.##.......
##................####.#
#..#..........#### #.#
#..#........#... #.#
#.......#.#.####.# #. .
.....#....# .#
.#.#...### ..


You could see 3 gnolls.

Vanquished Creatures
  3 dart slugs (D:1)
  A leopard gecko (D:1)
  2 giant cockroaches (D:1)
  5 goblins (D:1)
  6 hobgoblins (D:1)
  6 bats (D:1)
  A frilled lizard (D:1)
  A kobold (D:1)
  3 rats
28 creatures vanquished.

Notes
Turn   | Place    | Note
-------+----------+-------------------------------------------
     0 | D:1      | kae the Formicid Fighter began the quest for the Orb.
     0 | D:1      | Reached XP level 1. HP: 18/18 MP: 1/1
   118 | D:1      | Reached XP level 2. HP: 23/24 MP: 2/2
   394 | D:1      | Reached XP level 3. HP: 29/29 MP: 3/3
   932 | D:2      | Mangled by a gnoll

Vault maps used:
D:1:      lightli_arrival_chessboard
D:2:      first_bread

Skill      XL: |  1  2 |
---------------+-------+-----
Long Blades    | 3 |  3.3
Fighting       | |  3.7
Armour         | |  3.2
Shields        | |  3.6

Action                   || total
-------------------------++-------
Melee: Long sword        ||   107
  Use: Scroll            ||     1
Armor: Scale mail        ||    57
Dodge: Dodged            ||    33
Block: Shield            ||    68
